[ AOE2 MATCH · #505589521 ]
UnrankedHindustanis vs Lithuanians
[ REPLAY ANALYSIS · EXTRACTED FROM THE RECORDED GAME ]
Feudal
8:52
Castle
21:28
Imperial
36:46
| APM avg | 68.6 |
| APM peak | 116 |
| eAPM avg | 26.0 |
| Villagers / military | 87 / 90 |
Focus
⚔️ 37.1% · 🌾 62.9%
Camel Scout ×69 · Skirmisher ×11 · Monk ×4 · Archer ×3 · Scout Cavalry ×2 · Trebuchet (Packed) ×1
Feudal
8:59
Castle
22:56
Imperial
—
| APM avg | 55.6 |
| APM peak | 89 |
| eAPM avg | 20.5 |
| Villagers / military | 98 / 135 |
Focus
⚔️ 40.2% · 🌾 59.8%
Cavalry Archer ×63 · Spearman ×36 · Skirmisher ×25 · Militia ×5 · Scout Cavalry ×3 · Monk ×2
Match map
Initial resources + every placement click. Lines = walls · curves = elevation contours. ◆ gold · ⬟ stone · ● berries · ✦ relic · ◌ wall gap
Your base· Open — unwalled flank
Ing.Patrick QG's base· Open — unwalled flank
Smoothed initial terrain · ◌ = detected wall gap · hover for details
Inputs per minute
— ELEG | Huitzilopochtli - - Ing.Patrick QG
Build order — ELEG | Huitzilopochtli
First 150 of 288 actions detected
| 0:01 | Queue | Villager (Male) |
| 0:02 | Queue | Villager (Male) |
| 0:02 | Queue | Villager (Male) |
| 0:02 | Queue | Villager (Male) |
| 0:04 | Build | House |
| 0:06 | Build | House |
| 1:07 | Queue | Villager (Male) |
| 1:32 | Queue | Villager (Male) |
| 1:50 | Build | Lumber Camp |
| 2:10 | Queue | Villager (Male) |
| 2:28 | Queue | Villager (Male) |
| 3:03 | Queue | Villager (Male) |
| 3:06 | Build | House |
| 3:39 | Queue | Villager (Male) |
| 4:09 | Queue | Villager (Male) |
| 4:10 | Queue | Villager (Male) |
| 4:10 | Queue | Villager (Male) |
| 4:33 | Queue | Villager (Male) |
| 5:03 | Queue | Villager (Male) |
| 5:03 | Research | Loom |
| 5:30 | Build | Mill |
| 6:42 | Research | Feudal Age |
| 8:05 | Build | Barracks |
| 8:10 | Build | House |
| 8:19 | Build | Palisade Wall |
| 8:21 | Build | Palisade Wall |
| 8:28 | Build | Palisade Wall |
| 8:52 | Age | Feudal Age |
| 8:54 | Queue | Villager (Male) |
| 8:59 | Build | Stable |
| 9:11 | Build | House |
| 9:14 | Build | Palisade Wall |
| 9:30 | Build | House |
| 9:43 | Build | Archery Range |
| 9:52 | Queue | Villager (Male) |
| 10:00 | Build | Mining Camp |
| 10:08 | Queue | Villager (Male) |
| 10:10 | Research | Double-Bit Axe |
| 10:15 | Build | House |
| 10:17 | Build | Palisade Wall |
| 10:17 | Build | Palisade Wall |
| 10:20 | Queue | Archer |
| 10:36 | Queue | Villager (Male) |
| 10:59 | Queue | Skirmisher |
| 11:07 | Build | House |
| 11:16 | Queue | Villager (Male) |
| 11:35 | Queue | Skirmisher |
| 11:37 | Queue | Villager (Male) |
| 11:46 | Queue | Skirmisher |
| 11:48 | Build | Blacksmith |
| 11:49 | Build | Palisade Wall |
| 12:00 | Build | House |
| 12:08 | Queue | Villager (Male) |
| 12:10 | Build | Farm |
| 12:17 | Queue | Skirmisher |
| 12:29 | Research | Fletching |
| 12:36 | Queue | Villager (Male) |
| 12:38 | Build | Farm |
| 12:47 | Build | House |
| 12:51 | Build | Palisade Wall |
| 12:54 | Queue | Skirmisher |
| 13:28 | Build | Farm |
| 13:28 | Build | Farm |
| 13:29 | Build | Farm |
| 13:30 | Queue | Villager (Male) |
| 13:51 | Build | Farm |
| 14:03 | Queue | Archer |
| 14:03 | Queue | Archer |
| 14:03 | Queue | Villager (Male) |
| 14:10 | Build | Farm |
| 14:12 | Build | Farm |
| 14:13 | Build | Farm |
| 14:19 | Build | Farm |
| 14:27 | Queue | Skirmisher |
| 14:40 | Build | Farm |
| 14:43 | Build | House |
| 14:50 | Queue | Villager (Male) |
| 15:08 | Research | Padded Archer Armor |
| 15:23 | Queue | Skirmisher |
| 15:23 | Queue | Villager (Male) |
| 15:35 | Queue | Villager (Male) |
| 15:40 | Build | Market |
| 15:42 | Build | House |
| 15:46 | Queue | Skirmisher |
| 15:58 | Research | Horse Collar |
| 16:18 | Queue | Skirmisher |
| 16:39 | Queue | Villager (Male) |
| 17:00 | Build | Palisade Wall |
| 17:07 | Queue | Skirmisher |
| 17:37 | Queue | Skirmisher |
| 17:39 | Build | House |
| 17:58 | Queue | Villager (Male) |
| 18:18 | Queue | Villager (Male) |
| 18:41 | Research | Castle Age |
| 18:42 | Research | Castle Age |
| 18:44 | Build | Farm |
| 19:36 | Build | Stable |
| 19:37 | Research | Scale Barding Armor |
| 20:22 | Build | Lumber Camp |
| 20:24 | Queue | Scout Cavalry |
| 20:25 | Queue | Scout Cavalry |
| 21:22 | Queue | Villager (Male) |
| 21:28 | Age | Castle Age |
| 21:38 | Queue | Villager (Male) |
| 21:43 | Build | Town Center |
| 21:46 | Research | Bow Saw |
| 21:52 | Research | Bloodlines |
| 22:23 | Queue | Villager (Male) |
| 22:41 | Queue | Camel Scout |
| 22:43 | Queue | Villager (Male) |
| 22:46 | Build | Stable |
| 22:54 | Research | Forging |
| 22:55 | Queue | Camel Scout |
| 23:16 | Build | Palisade Wall |
| 23:20 | Build | Monastery |
| 23:22 | Queue | Villager (Male) |
| 23:24 | Build | Farm |
| 23:26 | Queue | Villager (Male) |
| 23:30 | Queue | Villager (Male) |
| 23:34 | Queue | Camel Scout |
| 23:35 | Queue | Camel Scout |
| 23:40 | Queue | Villager (Male) |
| 23:47 | Build | Farm |
| 23:49 | Build | Farm |
| 24:01 | Queue | Camel Scout |
| 24:03 | Queue | Camel Scout |
| 24:26 | Build | Farm |
| 24:26 | Build | Farm |
| 24:26 | Build | Farm |
| 24:26 | Build | Farm |
| 24:27 | Build | Farm |
| 24:27 | Build | Farm |
| 24:27 | Build | Farm |
| 24:27 | Build | Farm |
| 24:28 | Build | Farm |
| 24:37 | Queue | Monk |
| 24:46 | Queue | Villager (Male) |
| 24:46 | Queue | Villager (Male) |
| 24:47 | Queue | Villager (Male) |
| 25:12 | Queue | Camel Scout |
| 25:37 | Queue | Villager (Male) |
| 25:38 | Queue | Villager (Male) |
| 25:39 | Queue | Camel Scout |
| 25:59 | Queue | Camel Scout |
| 26:09 | Research | Husbandry |
| 26:15 | Queue | Monk |
| 26:17 | Queue | Villager (Male) |
| 26:19 | Build | Town Center |
| 26:49 | Queue | Villager (Male) |
| 26:49 | Queue | Villager (Male) |
Build order — Ing.Patrick QG
First 150 of 315 actions detected
| 0:00 | Queue | Villager (Male) |
| 0:01 | Queue | Villager (Male) |
| 0:02 | Build | House |
| 0:03 | Build | House |
| 0:08 | Queue | Villager (Male) |
| 0:10 | Queue | Villager (Male) |
| 0:15 | Queue | Villager (Male) |
| 0:30 | Queue | Villager (Male) |
| 1:27 | Queue | Villager (Male) |
| 1:49 | Build | Lumber Camp |
| 1:59 | Queue | Villager (Male) |
| 2:16 | Queue | Villager (Male) |
| 2:16 | Queue | Villager (Male) |
| 2:57 | Queue | Villager (Male) |
| 2:57 | Queue | Villager (Male) |
| 3:16 | Queue | Villager (Male) |
| 3:16 | Queue | Villager (Male) |
| 3:46 | Queue | Villager (Male) |
| 3:52 | Build | House |
| 4:20 | Queue | Villager (Male) |
| 4:20 | Queue | Villager (Male) |
| 5:12 | Queue | Villager (Male) |
| 5:18 | Build | Barracks |
| 5:23 | Queue | Villager (Male) |
| 5:37 | Build | House |
| 6:00 | Research | Loom |
| 6:49 | Research | Feudal Age |
| 7:00 | Queue | Militia |
| 7:01 | Queue | Militia |
| 7:10 | Build | House |
| 7:17 | Build | Mining Camp |
| 7:29 | Queue | Militia |
| 8:59 | Age | Feudal Age |
| 9:00 | Research | Man-at-Arms (upgrade) |
| 9:03 | Build | Archery Range |
| 9:06 | Queue | Villager (Male) |
| 9:06 | Queue | Villager (Male) |
| 9:29 | Queue | Villager (Male) |
| 9:32 | Build | Mill |
| 9:39 | Queue | Spearman |
| 9:45 | Queue | Villager (Male) |
| 9:48 | Build | House |
| 10:03 | Queue | Skirmisher |
| 10:26 | Build | Farm |
| 10:36 | Queue | Skirmisher |
| 10:49 | Build | Farm |
| 10:52 | Queue | Villager (Male) |
| 11:05 | Build | Farm |
| 11:27 | Queue | Skirmisher |
| 11:33 | Queue | Villager (Male) |
| 11:35 | Build | Farm |
| 11:45 | Queue | Skirmisher |
| 12:01 | Build | Farm |
| 12:03 | Build | Farm |
| 12:07 | Build | House |
| 12:11 | Queue | Skirmisher |
| 12:11 | Queue | Skirmisher |
| 12:13 | Queue | Villager (Male) |
| 12:13 | Queue | Villager (Male) |
| 12:33 | Queue | Skirmisher |
| 12:39 | Queue | Villager (Male) |
| 12:47 | Build | House |
| 13:01 | Queue | Villager (Male) |
| 13:32 | Queue | Villager (Male) |
| 13:53 | Queue | Villager (Male) |
| 13:54 | Queue | Skirmisher |
| 13:54 | Queue | Skirmisher |
| 14:07 | Queue | Militia |
| 14:21 | Build | Blacksmith |
| 14:23 | Build | Farm |
| 14:25 | Build | Farm |
| 14:25 | Build | Farm |
| 14:36 | Build | Farm |
| 14:39 | Queue | Villager (Male) |
| 14:45 | Queue | Skirmisher |
| 14:52 | Queue | Militia |
| 15:00 | Build | House |
| 15:05 | Build | Farm |
| 15:13 | Research | Fletching |
| 15:22 | Queue | Skirmisher |
| 15:30 | Queue | Villager (Male) |
| 15:31 | Queue | Villager (Male) |
| 15:35 | Build | Farm |
| 15:50 | Queue | Villager (Male) |
| 15:53 | Build | House |
| 16:02 | Research | Double-Bit Axe |
| 16:18 | Build | Farm |
| 16:38 | Queue | Villager (Male) |
| 16:40 | Build | House |
| 16:49 | Research | Padded Archer Armor |
| 16:56 | Queue | Villager (Male) |
| 17:04 | Build | Farm |
| 17:24 | Queue | Villager (Male) |
| 17:26 | Queue | Skirmisher |
| 17:27 | Queue | Skirmisher |
| 17:40 | Build | House |
| 18:06 | Queue | Villager (Male) |
| 18:13 | Queue | Skirmisher |
| 18:31 | Queue | Skirmisher |
| 18:36 | Queue | Villager (Male) |
| 18:38 | Build | House |
| 18:44 | Queue | Villager (Male) |
| 18:53 | Queue | Skirmisher |
| 18:54 | Queue | Villager (Male) |
| 18:58 | Build | Market |
| 19:30 | Queue | Villager (Male) |
| 19:35 | Queue | Skirmisher |
| 19:40 | Build | Farm |
| 19:57 | Build | Lumber Camp |
| 20:06 | Research | Castle Age |
| 20:07 | Research | Castle Age |
| 20:18 | Queue | Skirmisher |
| 20:18 | Queue | Skirmisher |
| 21:00 | Queue | Skirmisher |
| 21:13 | Queue | Skirmisher |
| 21:21 | Queue | Villager (Male) |
| 21:23 | Build | Stable |
| 21:27 | Queue | Spearman |
| 21:36 | Queue | Skirmisher |
| 21:45 | Build | Stable |
| 21:53 | Queue | Spearman |
| 21:58 | Queue | Skirmisher |
| 22:15 | Queue | Scout Cavalry |
| 22:20 | Queue | Skirmisher |
| 22:44 | Queue | Spearman |
| 22:53 | Research | Bloodlines |
| 22:56 | Age | Castle Age |
| 22:58 | Queue | Villager (Male) |
| 22:59 | Build | Monastery |
| 23:02 | Queue | Spearman |
| 23:07 | Queue | Knight |
| 23:15 | Build | Town Center |
| 23:18 | Research | Elite Skirmisher (upgrade) |
| 23:21 | Queue | Cavalry Archer |
| 23:28 | Queue | Villager (Male) |
| 23:31 | Build | Archery Range |
| 23:36 | Queue | Monk |
| 23:47 | Queue | Villager (Male) |
| 24:01 | Queue | Villager (Male) |
| 24:20 | Build | Palisade Wall |
| 24:22 | Queue | Villager (Male) |
| 24:32 | Queue | Villager (Male) |
| 24:35 | Build | Town Center |
| 24:46 | Research | Bodkin Arrow |
| 24:49 | Queue | Villager (Male) |
| 24:58 | Queue | Spearman |
| 25:12 | Queue | Cavalry Archer |
| 25:22 | Queue | Villager (Male) |
| 25:38 | Queue | Villager (Male) |
| 25:48 | Queue | Cavalry Archer |
Match timeline
| 5:18 | Ing.Patrick QG · first_building Barracks |
| 8:05 | ELEG | Huitzilopochtli · first_building Barracks |
| 8:19 | ELEG | Huitzilopochtli · wall_segment Palisade Wall x1 |
| 8:21 | ELEG | Huitzilopochtli · wall_segment Palisade Wall x1 |
| 8:28 | ELEG | Huitzilopochtli · wall_segment Palisade Wall x1 |
| 8:52 | ELEG | Huitzilopochtli · age_up feudal |
| 8:59 | Ing.Patrick QG · age_up feudal |
| 8:59 | ELEG | Huitzilopochtli · first_building Stable |
| 9:03 | Ing.Patrick QG · first_building Archery Range |
| 9:14 | ELEG | Huitzilopochtli · wall_segment Palisade Wall x1 |
| 9:43 | ELEG | Huitzilopochtli · first_building Archery Range |
| 10:17 | ELEG | Huitzilopochtli · wall_segment Palisade Wall x7 |
| 10:17 | ELEG | Huitzilopochtli · wall_segment Palisade Wall x2 |
| 11:49 | ELEG | Huitzilopochtli · wall_segment Palisade Wall x3 |
| 12:51 | ELEG | Huitzilopochtli · wall_segment Palisade Wall x1 |
| 17:00 | ELEG | Huitzilopochtli · wall_segment Palisade Wall x4 |
| 18:22 | ELEG | Huitzilopochtli · first_market_sell 100 wood |
| 18:23 | ELEG | Huitzilopochtli · first_market_buy 100 food |
| 20:01 | Ing.Patrick QG · first_market_buy 100 food |
| 21:23 | Ing.Patrick QG · first_building Stable |
| 21:28 | ELEG | Huitzilopochtli · age_up castle |
| 22:56 | Ing.Patrick QG · age_up castle |
| 22:59 | Ing.Patrick QG · first_building Monastery |
| 23:16 | ELEG | Huitzilopochtli · wall_segment Palisade Wall x3 |
| 23:20 | ELEG | Huitzilopochtli · first_building Monastery |
| 24:20 | Ing.Patrick QG · wall_segment Palisade Wall x4 |
| 30:42 | ELEG | Huitzilopochtli · first_building Castle |
| 36:46 | ELEG | Huitzilopochtli · age_up imperial |
| 41:22 | Ing.Patrick QG · resign |
[ AI ANALYSIS · 1 CREDIT ]
What really happened in this match?
Wolo.gg analyzes every decision: build order, eco, micro, common mistakes by bracket. Personalized analysis on WhatsApp or Discord in 30 seconds.
Civ guide
Hindustanis
Perfil
Jugador #25672265